 Dungeon Crawl Stone Soup version 0.30-a0-377-g5cb311bc9f (webtiles) character file.

Game seed: 1705909685935712982

9562 pokeman the Eclecticist (level 11, -1/61 HPs)
             Began as a Deep Elf Hedge Wizard on Nov 30, 2022.
             Was a Believer of Vehumet.
             Killed by the air
             ... invoked by Gastronok
              (38 damage)
             ... on level 9 of the Dungeon on Dec 1, 2022.
             The game lasted 00:36:59 (10547 turns).

pokeman the Eclecticist (Deep Elf Hedge Wizard)    Turns: 10547, Time: 00:37:00

Health: -1/61      AC:  6    Str:  7    XL:     11   Next: 24%
Magic:  41/41      EV: 13    Int: 30    God:    Vehumet [**....]
Gold:   293        SH:  0    Dex: 14    Spells: 29/41 levels left

rFire   + . .      SeeInvis .    i - +2 dagger (venom)
rCold   . . .      Faith    .    (no shield)
rNeg    . . .      Spirit   .    V - +1 robe {rF+}
rPois   .          Reflect  .    c - +0 hat
rElec   .          Harm     .    q - +2 cloak
rCorr   .          Rampage  .    (no gloves)
Will    +....                    (no boots)
Stlth   ++........               j - amulet of regeneration
HPRegen 1.10/turn                f - +6 ring of intelligence
MPRegen 0.27/turn                N - ring of magical power

@: no status effects
A: no striking features
a: Renounce Religion


You were on level 9 of the Dungeon.
You worshipped Vehumet.
Vehumet was pleased with you.
You visited 2 branches of the dungeon, and saw 11 of its levels.
You also visited: Ossuary.

You collected 545 gold pieces.
You spent 252 gold pieces at shops.

Inventory:

Hand Weapons
 i - a +2 dagger of venom (weapon)
 p - a +2 quarterstaff of chaos
 t - the +5 dagger of Exquisite Death {flame, Will+ Str+5 Int-2 Dex+3}
   (You found it on level 3 of the Dungeon)

   It burns those it strikes, dealing additional fire damage.
   Str:       It affects your strength (+5).
   Int:       It affects your intelligence (-2).
   Dex:       It affects your dexterity (+3).
   Will:      It increases your willpower.
 T - a +1 shortbow of draining
Missiles
 E - a curare-tipped dart
Armour
 c - a +0 hat (worn)
 q - a +2 cloak (worn)
 F - a +0 buckler
 M - an orb of mayhem
 V - a +1 robe of fire resistance (worn)
Jewellery
 f - a +6 ring of intelligence (left hand)
 j - an amulet of regeneration (around neck)
 G - a +4 ring of evasion
 N - a ring of magical power (right hand)
 P - a ring of protection from cold
 U - a +4 ring of slaying
Wands
 b - a wand of charming (4)
 I - a wand of polymorph (4)
 L - a wand of acid (18)
 O - a wand of flame (29)
 R - a wand of mindburst (10)
Scrolls
 a - 6 scrolls of teleportation {unknown}
 g - a scroll of summoning {unknown}
 h - a scroll of fog {unknown}
 l - 2 scrolls of magic mapping {unknown}
 n - 2 scrolls of blinking {unknown}
 o - 15 scrolls of identify {unknown}
 r - a scroll of noise {unknown}
 s - 6 scrolls of brand weapon {unknown}
 u - a scroll of fear {unknown}
 x - 2 scrolls of enchant armour {unknown}
 y - 3 scrolls of poison {unknown}
 z - a scroll of torment {unknown}
 J - a scroll of immolation {unknown}
 K - a scroll of acquirement {unknown}
 Q - a scroll of enchant weapon {unknown}
 S - a scroll of vulnerability {unknown}
Potions
 d - 2 potions of magic
 e - 3 potions of curing
 k - a potion of attraction {unknown}
 m - 2 potions of resistance {unknown}
 v - a potion of brilliance
 w - 2 potions of haste {unknown}
 A - 2 potions of heal wounds {unknown}
 B - 2 potions of might {unknown}
 C - 2 potions of flight {unknown}
 D - a potion of cancellation {unknown}
 H - 2 potions of ambrosia {unknown}


   Skills:
 - Level 4.0 Fighting
 - Level 4.0 Ranged Weapons
 + Level 3.2 Armour
 - Level 3.0 Dodging
 - Level 3.0 Stealth
 - Level 3.0 Shields
 * Level 15.8 Spellcasting
 + Level 10.5 Conjurations
 - Level 1.0 Hexes
 - Level 1.1 Summonings
 - Level 1.1 Translocations
 - Level 1.0 Air Magic
 + Level 0.0 Earth Magic
 - Level 1.0 Poison Magic
 - Level 1.0 Evocations


You had 29 spell levels left.
You knew the following spells:

 Your Spells              Type           Power      Damage    Failure   Level
a - Magic Dart            Conj           100%       1d8       1%          1
b - Mephitic Cloud        Conj/Pois/Air  48%        N/A       1%          3
c - Call Imp              Summ           30%        N/A       1%          2
d - Blink                 Tloc           60%        N/A       1%          2
e - Slow                  Hex            100%       N/A       1%          1
f - Stone Arrow           Conj/Erth      100%       3d13      1%          3

Your spell library contained the following spells:

 Spells                   Type           Power      Damage    Failure   Level
 Searing Ray              Conj           100%       2d8       1%          2
 Sandblast                Erth           46%        2d11      1%          1
 Summon Small Mammal      Summ           100%       N/A       1%          1
 Cigotuvi's Dreadful Rot  Necr/Pois/Air  54%        N/A       2%          2
 Passwall                 Tmut/Erth      19%        N/A       3%          2
 Call Canine Familiar     Summ           30%        N/A       3%          3
 Gell's Gravitas          Tloc           30%        N/A       3%          3
 Summon Guardian Golem    Hex/Summ       30%        N/A       3%          3
 Teleport Other           Tloc           30%        N/A       3%          3
 Vhi's Electric Charge    Tloc/Air       60%        N/A       3%          3
 Arcjolt                  Conj/Air       27%        1d37      4%          5
 Anguish                  Hex/Necr       13%        N/A       16%         4
 Dispersal                Tloc           15%        N/A       88%         6
 Enfeeble                 Hex            14%        N/A       100%        7
 Maxwell's Capacitive Co  Air            15%        ∞         100%        8


Dungeon Overview and Level Annotations

Branches:
Dungeon (10/15)            Temple (1/1) D:6         Ossuary (visited)
   Lair: D:8-11         Orc: D:9-12

Altars:
Ashenzari
Cheibriados
Dithmenos
Elyvilon
Fedhas
Gozag
Hepliaklqana
Kikubaaqudgha
Makhleb
Nemelex Xobeh
Okawaru
Qazlal
Ru
Sif Muna
Uskayaw
Vehumet
Wu Jian
Xom
Yredelemnul
Zin
The Shining One

Shops:
D:1 (   D:5 :   D:7 *

Annotations:
D:9 Gastronok
Temple 2 transporters


Message History

You shout for attention!
There is an open door here.
What are your orders? t - Shout!
Orders for allies: a - Attack new target. r - Retreat! s - Stop attacking. g - Guard the area. f - Follow me.
Anything else - Cancel.
You shout for attention!
What are your orders? t - Shout!
Orders for allies: a - Attack new target. r - Retreat! s - Stop attacking. g - Guard the area. f - Follow me.
Anything else - Cancel.
You shout for attention!
Things that are here:
2 throwing nets; a +0 giant spiked club; a +0 leather armour
There is a stone staircase leading up here.
There is a stone staircase leading up here.
Items here: ))))))))) [[.
Things that are here:
a +0 robe; a +0 halberd Unknown command.
What are your orders? t - Shout!
Orders for allies: a - Attack new target. r - Retreat! s - Stop attacking. g - Guard the area. f - Follow me.
Anything else - Cancel.
You shout for attention!
There is an open door here.
You close the door.
Gastronok gurgles horribly!
Gastronok waves his eye-stalks in wide circles.
The air twists around and strikes you!!
Gastronok waves his eye-stalks in wide circles.
The air twists around and strikes you!!!
Ouch! That really hurt!
You die...

#..#.#..#
#.......#.######.#.#
#.......#
#####.###.#...##..#.
#..#.#..# #.# #........###
#.......# ##'#####...###.#.
####.#### ##[..## ##.## ##.#
#.## ##.....## #.#######
##..## ##.......###.##.##
#....####.........##.#...###
#.#.....+..@......'.........
#....####........w##.#....#.
##..## ##.......###.##.#.##
#.## ##.....## #.###.... #.#
##.).## #.....#.# #.#
######## ####.....
#.######.....# ##.#.#
#......#.PPP.# #####....
#..###.'.P...# #....##.#


You could see Gastronok.

Vanquished Creatures
  Erolcha (D:9)
  Harold (D:9)
  Erica (D:7)
  Maurice (D:8)
  A komodo dragon (D:10)
  A tengu conjurer (D:10)
  Prince Ribbit (D:5)
  Sigmund (D:2)
  18 yaks
  A wyvern (D:10)
  A steam dragon (D:9)
  2 water moccasins
  2 sky beasts
  5 orc warriors
  3 centaurs
  A kobold brigand (D:6)
  4 bullfrogs
  3 scorpions
  A necrophage (D:7)
  7 wights
  9 killer bees
  3 howler monkeys
  3 centaur zombies (Ossuary)
  2 human zombies (Ossuary)
  2 orc priests
  A gnoll bouda (D:8)
  3 hounds
  Crazy Yiuf (D:2)
  Jessica (D:3)
  2 iguanas (D:6)
  12 orc wizards
  2 mummies (Ossuary)
  12 gnolls
  8 adders
  3 shadow imps
  2 worms (D:2)
  4 dart slugs
  22 orcs
  9 bats
  7 endoplasms
  A giant cockroach (D:3)
  16 goblins
  3 hobgoblins
  6 jackals
  5 quokkas
  6 ball pythons
  A frilled lizard (D:2)
  A goblin zombie (Ossuary)
  10 hobgoblin zombies (Ossuary)
  17 kobolds
  9 kobold zombies (Ossuary)
  8 orc zombies (Ossuary)
  5 rats
  3 rat zombies (Ossuary)
  A spectral orc (D:4)
256 creatures vanquished.

Vanquished Creatures (collateral kills)
  A centaur zombie (Ossuary)
1 creature vanquished.

Vanquished Creatures (others)
  A jelly (D:6)
  An orc (D:6)
  A fungus (D:2)
3 creatures vanquished.

Grand Total: 260 creatures vanquished

Notes
Turn   | Place    | Note
-------+----------+-------------------------------------------
     0 | D:1      | pokeman the Deep Elf Hedge Wizard began the quest for the
                  | Orb.
     0 | D:1      | Reached XP level 1. HP: 10/10 MP: 7/7
   102 | D:1      | Found Weugric's Weapon Shoppe.
   285 | D:1      | Reached XP level 2. HP: 16/16 MP: 3/9
   690 | D:1      | Reached skill level 5 in Spellcasting
   911 | D:1      | Reached XP level 3. HP: 20/20 MP: 8/11
   915 | D:1      | Learned a level 3 spell: Mephitic Cloud
   918 | D:1      | Learned a level 2 spell: Blink
   920 | D:1      | Learned a level 1 spell: Slow
   946 | D:1      | Learned a level 2 spell: Call Imp
  1338 | D:2      | Reached skill level 1 in Fighting
  1338 | D:2      | Reached skill level 1 in Armour
  1675 | D:2      | Noticed Sigmund
  1688 | D:2      | Reached XP level 4. HP: 24/25 MP: 10/13
  1690 | D:2      | Killed Sigmund
  1691 | D:2      | Reached skill level 5 in Conjurations
  1691 | D:2      | Reached XP level 5. HP: 29/29 MP: 10/14
  1912 | D:2      | Found a runed translucent door.
  1913 | D:2      | Noticed Crazy Yiuf
  1923 | D:2      | Killed Crazy Yiuf
  1924 | D:2      | Reached XP level 6. HP: 34/34 MP: 7/16
  2272 | D:3      | Found a glowing golden altar of the Shining One.
  2291 | D:3      | Found a glowing silver altar of Zin.
  2339 | D:3      | Identified the +5 dagger of Exquisite Death {flame, Will+
                  | Str+5 Int-2 Dex+3}
  2650 | D:3      | Noticed Jessica
  2656 | D:3      | Killed Jessica
  2659 | D:3      | Found a faded altar of an unknown god.
  2684 | D:3      | Found a hazy altar of Hepliaklqana.
  2938 | D:4      | Reached skill level 6 in Spellcasting
  2980 | D:4      | Found a sand-covered staircase.
  3005 | Ossuary  | Entered an ossuary
  3250 | Ossuary  | Reached skill level 1 in Evocations
  3281 | Ossuary  | Reached skill level 1 in Hexes
  3302 | Ossuary  | Reached XP level 7. HP: 38/38 MP: 4/19
  3484 | Ossuary  | Reached skill level 1 in Air Magic
  3702 | D:4      | Reached skill level 1 in Poison Magic
  3757 | D:4      | Reached skill level 7 in Spellcasting
  3980 | D:4      | Found a basalt altar of Yredelemnul.
  4112 | D:5      | Entered Level 5 of the Dungeon
  4148 | D:5      | Found Tuhaosah's Book Shop.
  4266 | D:5      | Noticed Prince Ribbit
  4292 | D:5      | Killed Prince Ribbit
  4293 | D:5      | Reached skill level 8 in Spellcasting
  4351 | D:5      | Reached XP level 8. HP: 21/44 MP: 12/22
  4648 | D:5      | Found a burning altar of Makhleb.
  4795 | D:6      | Found an opulent altar of Gozag.
  4957 | D:6      | Reached skill level 9 in Spellcasting
  5009 | D:6      | Found a stormy altar of Qazlal.
  5331 | D:6      | Found a staircase to the Ecumenical Temple.
  5343 | Temple   | Entered the Ecumenical Temple
  5343 | Temple   | Found a transporter.
  5343 | Temple   | Found a transporter.
  5345 | Temple   | Found a transporter.
  5345 | Temple   | Found a transporter.
  5359 | Temple   | Became a worshipper of Vehumet
  5514 | D:6      | Reached skill level 10 in Spellcasting
  5577 | D:7      | Found Daagem's Assorted Antiques.
  6731 | D:8      | Noticed Erica
  6736 | D:8      | Reached XP level 9. HP: 48/48 MP: 17/25
  6841 | D:7      | Killed Erica
  6842 | D:7      | Reached skill level 11 in Spellcasting
  6989 | D:8      | Found a broken altar of Ashenzari.
  7171 | D:8      | Found a sparkling altar of Nemelex Xobeh.
  7211 | D:8      | Noticed Maurice
  7238 | D:8      | Killed Maurice
  7239 | D:8      | Reached skill level 1 in Shields
  7239 | D:8      | Reached skill level 12 in Spellcasting
  7537 | D:8      | Found a blossoming altar of Fedhas.
  7942 | D:9      | Reached * piety under Vehumet
  7942 | D:9      | Offered knowledge of Kiss of Death by Vehumet.
  8187 | D:9      | Noticed Harold
  8212 | D:9      | Killed Harold
  8213 | D:9      | Reached skill level 13 in Spellcasting
  8213 | D:9      | Reached XP level 10. HP: 42/56 MP: 29/29
  8262 | D:9      | Found a hide-covered altar of Uskayaw.
  8454 | D:9      | Noticed Erolcha
  8463 | D:9      | Killed Erolcha
  8464 | D:9      | Reached skill level 14 in Spellcasting
  8619 | D:9      | Noticed Gastronok
  8714 | D:9      | Found an ornate altar of the Wu Jian Council.
  8998 | D:9      | Found an iron altar of Okawaru.
  9392 | D:10     | Entered Level 10 of the Dungeon
  9420 | D:10     | Reached skill level 10 in Conjurations
  9421 | D:10     | Reached skill level 15 in Spellcasting
  9479 | D:9      | Reached ** piety under Vehumet
  9489 | D:10     | Offered knowledge of Searing Ray by Vehumet.
  9595 | D:10     | Reached XP level 11. HP: 43/60 MP: 32/32
  9646 | D:10     | Noticed a two-headed ogre
  9916 | D:10     | Noticed a boulder beetle
  9997 | D:5      | Bought a book of Geomancy for 252 gold pieces
 10002 | D:5      | Learned a level 3 spell: Stone Arrow
 10547 | D:9      | Killed from afar by Gastronok

Illustrated notes

Levels and vault maps discovered:
D:1:      minmay_arrival_open_corners, layout_basic, serial_shops,
          nicolae_shop_behind_doors
D:2:      layout_rooms, uniq_crazy_yiuf_cottage, uniq_sigmund
D:3:      layout_loops_ring, beargit_hepliaklqana_dungeon_heroes,
          jmf_multi_god_temple
D:4:      layout_gridville, yredelemnul_forgotten_temple_becter,
          enter_ossuary_1, serial_bayou_pond_e, moated_statue,
          nicolae_hexahallways
D:5:      layout_rooms, makhleb_heckhound_becter, serial_shops, shop,
          uniq_prince_ribbit1
D:6:      layout_gridville, grunt_qazlal_sundering,
          mainiacjoe_overflow_24_doors, minmay_temple_entry_ruins
D:7:      layout_layer_cave, serial_shops, nicolae_shop_trees
D:8:      layout_basic, ashenzari_conservatory_becter,
          nemelex_spade_bored_becter, mainiacjoe_overflow_paths, uniq_maurice,
          uniq_erica
D:9:      layout_loops_corners, nzn_wu_jian_contemplation,
          mainiacjoe_overflow_alcove_4, okawaru_metal_pillars_1_2, serial_glass,
          glass_columns_a, glass_columns_a, uniq_erolcha, uniq_gastronok,
          uniq_harold
D:10:     minmay_bloctagon, layout_loops_ring, st_stairs_2, uniq_urug
Temple:   hellmonk_temple_divided_pantheon

Skill      XL: |  1  2  3  4  5  6  7  8  9 10 11 |
---------------+----------------------------------+-----
Spellcasting   | 5 6 8 10 13 15 | 15.8
Fighting       | 1 2 3 4 |  4.0
Armour         | 1 3 |  3.2
Conjurations   | 2 5 6 7 9 10 | 10.5
Stealth        | 3 |  3.0
Dodging        | 3 |  3.0
Evocations     | 1 |  1.0
Hexes          | 1 |  1.0
Air Magic      | 1 |  1.0
Poison Magic   | 1 |  1.0
Shields        | 2 3 |  3.0
Ranged Weapons | 4 |  4.0
Summonings     | |  1.1
Translocations | |  1.1

Action                   |  1- 3 |  4- 6 |  7- 9 | 10-12 || total
-------------------------+-------+-------+-------+-------++-------
Melee: Dagger            |    19 |   197 |   240 |   166 ||   622
       Punch             |       |     5 |     1 |     2 ||     8
 Cast: Magic Dart        |    95 |    54 |   178 |    59 ||   386
       Mephitic Cloud    |     1 |     3 |    28 |    31 ||    63
       Call Imp          |       |     4 |     2 |     4 ||    10
       Blink             |       |     1 |     2 |     9 ||    12
Evoke: Wand              |       |       |     1 |       ||     1
  Use: Potion            |       |       |       |     1 ||     1
 Stab: Confused          |     1 |       |    16 |    21 ||    38
       Sleeping          |       |     1 |     1 |       ||     2
Armor: Robe              |    12 |       |       |    23 ||    35
       Leather armour    |       |   102 |    86 |     4 ||   192
Dodge: Dodged            |    34 |   170 |   156 |    95 ||   455

Table legend: (Time is in decaauts)
 A = Elapsed time spent in this place.
 B = Non-inter-level travel time spent in this place.
 C = Inter-level travel time spent in this place.
 D = Time resting spent in this place.
 E = Time spent auto-exploring this place.
 F = Levels seen in this place.
 G = Mean time per level.
                   A        B        C        D        E       F      G
               +--------+--------+--------+--------+--------+-----+--------+
         Total |  10558 |   9989 |    569 |    328 |   6858 |  12 |  879.8 |
       Dungeon |  10019 |   9450 |    569 |    328 |   6696 |  10 | 1001.9 |
        Temple |     28 |     28 |      0 |      0 |      1 |   1 |   28.0 |
       Ossuary |    510 |    510 |      0 |      0 |    161 |   1 |  510.0 |
               +--------+--------+--------+--------+--------+-----+--------+

Top non-repeatable levels by time:
     D:9: 2075 daAuts
     D:1: 1322 daAuts
     D:7: 1278 daAuts
     D:8: 1224 daAuts
     D:6: 912 daAuts
     D:4: 875 daAuts
     D:3: 701 daAuts
     D:2: 698 daAuts
     D:5: 666 daAuts
 Ossuary: 510 daAuts
    D:10: 264 daAuts
  Temple: 28 daAuts
